 Dungeon Crawl Stone Soup version 0.23.2 (webtiles) character file.

Game seed: 16353649885970457083

86 sagitran the Charlatan (level 4, -1/22 HPs)
             Began as a Spriggan Artificer on Apr 10, 2019.
             Engulfed by a cloud of steam (11 damage)
             ... in a sewer.
             The game lasted 00:15:09 (3171 turns).

sagitran the Charlatan (Spriggan Artificer)         Turns: 3171, Time: 00:15:10

Health: -1/22      AC:  3    Str:  9    XL:     4   Next: 26%
Magic:  9/9        EV: 19    Int: 12    God:
Gold:   139        SH:  0    Dex: 16    Spells: 2/3 levels left

rFire    . . .     SeeInvis +   h - +0 dagger
rCold    . . .     Gourm    .   (shield restricted)
rNeg     . . .     Faith    +   b - +1 robe
rPois    .         Spirit   .   (helmet restricted)
rElec    .         Reflect  .   (no cloak)
rCorr    .         Harm     .   (gloves unavailable)
MR       .....                  (boots unavailable)
Stlth    ++........             l - amulet of faith
HPRegen  0.07/turn              (no ring)
MPRegen  0.11/turn              (no ring)

@: very quick
A: very small, unfitting armour, see invisible, herbivore, speed 3, slow
metabolism 2
a: no special abilities


You were in a sewer.
You were not hungry.

You visited 1 branch of the dungeon, and saw 5 of its levels.
You also visited: Sewer.

You collected 139 gold pieces.

Inventory:

Hand Weapons
 a - a +0 short sword
 h - a +0 dagger (weapon)
 q - a +0 hunting sling
Armour
 b - a +1 robe (worn)
 n - a +0 animal skin
Jewellery
 l - an amulet of faith (around neck)
Wands
 c - a wand of flame (7)
 d - a wand of enslavement (9)
 e - a wand of random effects (8)
Scrolls
 g - a scroll of random uselessness
 i - 2 scrolls of remove curse
 k - a scroll of blinking
 m - 3 scrolls of fear
 p - a scroll of enchant armour
Comestibles
 f - 5 rations


   Skills:
 + Level 1.1 Fighting
 + Level 2.1 Short Blades
 + Level 3.6 Dodging
 + Level 2.9 Stealth
 + Level 5.3 Evocations


You had 2 spell levels left.
You knew the following spells:

 Your Spells              Type           Power        Failure   Level  Hunger
a - Animate Skeleton      Necr           N/A          32%         1    ##.....

Your spell library contained the following spells:

 Spells                   Type           Power        Failure   Level  Hunger
 Apportation              Tloc           #.....       32%         1    ##.....
 Confusing Touch          Hex            #.....       32%         1    ##.....
 Summon Small Mammal      Summ           #...         32%         1    ##.....


Dungeon Overview and Level Annotations

Branches:
Dungeon (5/15)
 Temple: D:4-7

Altars:
Cheibriados
Hepliaklqana
Sif Muna
Trog

Annotations:
D:3 Sigmund


Innate Abilities, Weirdness & Mutations

You are very small and have problems with some larger weapons.
You are too small for most types of armour.
You have supernaturally acute eyesight. (SInv)
You are a herbivore.
You cover ground extremely quickly.
You need to consume almost no food.


Message History

You start resting.
An ooze comes into view.
You aren't carrying any potions.
Okay, then.
Evoke which item? (* to show all) (? for menu, Esc to quit)
Aiming: Throw Flame
Press: ? - help, Shift-Dir - straight line, f - ooze
Aim: an ooze (hasn't noticed you)
You feel a bit more experienced.
Memorise Animate Skeleton, consuming 1 spell level and leaving 2?
You start memorising the spell.
You continue memorising.
You finish memorising.
Spell assigned to 'a'.
Okay, then.
Okay, then.
Memorise Apportation, consuming 1 spell level and leaving 1?
You start memorising the spell.
You continue memorising.
You are engulfed in a cloud of scalding steam.
Your memorisation is interrupted.
Ouch! That really hurt!
You die...

#######
#####.≈≈≈≈≈≈
###.∩..≈≈.≈§.≈
#≈†..@########
#∩≈≈#### ####


There were no monsters in sight!

Vanquished Creatures
  A howler monkey zombie (D:5)
  An adder (D:2)
  An ooze (Sewer)
  An adder skeleton (D:5)
  A worm (D:2)
  A dart slug (D:2)
  2 leopard geckos
  An orc (D:2)
  6 bats
  3 giant cockroaches
  8 goblins
  8 hobgoblins
  4 kobolds
  2 quokkas (D:2)
  2 frilled lizards
  6 rats
48 creatures vanquished.

Vanquished Creatures (others)
  An orc (D:3)
1 creature vanquished.

Grand Total: 49 creatures vanquished

Notes
Turn   | Place    | Note
-------+----------+-------------------------------------------
     0 | D:1      | sagitran the Spriggan Artificer began the quest for the
                  | Orb.
     0 | D:1      | Reached XP level 1. HP: 9/9 MP: 4/4
   379 | D:1      | Reached XP level 2. HP: 14/14 MP: 6/6
   506 | D:1      | Reached skill level 5 in Evocations
  1129 | D:2      | Reached XP level 3. HP: 3/17 MP: 7/7
  1482 | D:2      | Reached skill level 1 in Fighting
  1568 | D:2      | Found a bloodstained altar of Trog.
  1751 | D:2      | Found a snail-covered altar of Cheibriados.
  2098 | D:3      | You fall through a shaft for 2 floors!
  2098 | D:5      | Entered Level 5 of the Dungeon
  2152 | D:5      | Reached XP level 4. HP: 4/22 MP: 8/8
  2279 | D:5      | Found a hazy altar of Hepliaklqana.
  2412 | D:3      | Noticed a hippogriff
  2522 | D:3      | Found a deep blue altar of Sif Muna.
  2689 | D:3      | Noticed Sigmund
  3027 | D:3      | Found a glowing drain.
  3034 | Sewer    | Entered a sewer
  3047 | Sewer    | HP: 1/22 [leopard gecko (2)]
  3170 | Sewer    | Learned a level 1 spell: Animate Skeleton
  3171 | Sewer    | Engulfed by a cloud of steam

Skill      XL: |  1  2  3 |
---------------+----------+-----
Evocations     | 5 |  5.3
Stealth        | 2 |  2.9
Fighting       | 1 |  1.1
Short Blades   | 2 |  2.1
Dodging        | |  3.6

Action                   |  1- 3 |  4- 6 || total
-------------------------+-------+-------++-------
Melee: Short sword       |    27 |       ||    27
       Dagger            |   142 |    35 ||   177
Evoke: Wand              |    14 |     7 ||    21
  Use: Scroll            |     4 |     3 ||     7
       Potion            |       |     1 ||     1
 Stab: Sleeping          |    10 |     2 ||    12
       Confused          |     1 |       ||     1
Armor: Robe              |     6 |     7 ||    13
Dodge: Dodged            |   118 |   102 ||   220
